Map: Simulacrum LE

Players

Duke

  • Race: Protoss Protoss
  • League: Gold
  • Spawn Location: 5:00

BiZeBoYz - Winner!

  • Race: Terran Terran
  • League: Silver
  • Spawn Location: 11:00

VOD

Have the link to the VOD?

Description

Time

  • Played on: May 31, 2020, 1:37 p.m.
  • Length: 5:12
Show
View Real Time Build Order
Export as new Build Order

Duke Protoss 

Build Orders:  

Get SALT Encoding   

  12  0:01  Probe (Chrono Boost)  
  13  0:10  Probe (Chrono Boost)  
  14  0:19  Pylon  
  14  0:29  Probe  
  15  0:40  Gateway  
  15  0:42  Probe  
  16  0:48  Assimilator  
  16  0:54  Probe  
  17  1:04  Gateway  
  17  1:06  Probe  
  18  1:18  Probe  
  19  1:35  Cybernetics Core  
  19  1:41  Probe  
  19  1:43  Pylon  
  20  1:48  Assimilator  
  20  1:54  Probe  
  21  2:09  Adept (Chrono Boost)  
  21  2:10  Adept (Chrono Boost)  
  21  2:15  Warp Gate  
  25  2:26  Nexus  
  25  2:40  Stalker  
  25  2:41  Stalker  
  29  2:56  Probe  
  29  2:57  Pylon  
  30  3:08  Probe  
  31  3:31  Stalker (Chrono Boost)  
  31  3:33  Probe  
  36  3:36  Stalker (Chrono Boost)  
  36  3:45  Probe  
  36  3:47  Robotics Facility  
  37  3:50  Shield Battery  
  35  3:57  Probe  
  34  4:10  Stalker  
  34  4:25  Stalker  
  34  4:30  Gateway  
  36  4:51  Pylon  
  36  4:53  Pylon  
  36  4:58  Pylon  
Show
View Real Time Build Order
Export as new Build Order

BiZeBoYz Terran - Winner!

Build Orders:  

Get SALT Encoding   

  12  0:00  SCV  
  13  0:13  SCV  
  14  0:17  Supply Depot  
  14  0:25  SCV  
  15  0:40  Barracks  
  15  0:49  Barracks  
  15  0:53  Refinery  
  15  1:00  Refinery  
  15  1:08  Supply Depot  
  15  1:28  Barracks Tech Lab  
  15  1:40  Barracks Tech Lab  
  15  1:44  Engineering Bay  
  15  1:53  Marauder  
  17  2:05  Marauder  
  19  2:18  Marauder  
  21  2:27  Marauder  
  23  2:31  Concussive Shells  
  22  2:41  Marauder  
  24  2:47  Stimpack  
  26  2:58  Marauder  
  26  3:19  Marauder  
  28  3:20  Marauder  
  30  4:10  Marauder  
  30  4:45  Factory  
Tags
 
Add a new tag
Caveats
  • Supply blocks, unpowered buildings, or Contaminate may cause inaccurate times.
  • Supply counts are checked every 10 seconds.